 Dungeon Crawl Stone Soup version 0.29.1-1-gd02db69 (webtiles) character file.

Game seed: 8498428070279135744

2252 Timinator the Insei (level 8, -4/66 HPs)
             Began as a Demigod Transmuter on Dec 21, 2022.
             Slain by an orc warrior
             ... wielding a +2 mace of protection
              (8 damage)
             ... on level 6 of the Dungeon.
             The game lasted 00:26:21 (8153 turns).

Timinator the Insei (Demigod Transmuter)            Turns: 8153, Time: 00:26:22

Health: -4/66      AC: -1    Str: 14 (15) XL:     8   Next: 93%
Magic:  17/17      EV: 13    Int: 13 (15) God:
Gold:   398        SH:  0    Dex: 22 (24) Spells: 7/14 levels left

rFire   + . .      SeeInvis .     - Unarmed
rCold   . . .      Faith    .   (no shield)
rNeg    . . .      Spirit   .   e - +0 ring mail
rPois   .          Reflect  .   (helmet currently unavailable)
rElec   .          Harm     .   (no cloak)
rCorr   .          Rampage  .   a - +0 pair of gloves
Will    .....                   (boots currently unavailable)
Stlth   +.........              y - amulet of magic regeneration
HPRegen 0.21/turn               v - ring of protection from fire
MPRegen 0.55/turn               z - +6 ring of dexterity

@: appendages (expiring), wereblooded, corroded, flying, invisible
A: horns 2, talons 2, high MP 1, forlorn, divine attributes
a: End Transformation


You were on level 6 of the Dungeon.
You had temporarily grown beastly horns and talons.
You visited 1 branch of the dungeon, and saw 6 of its levels.
You also visited: Sewer.

You collected 398 gold pieces.

Inventory:

Missiles
 o - 3 atropa-tipped darts (quivered)
 A - a throwing net
Armour
 a - a +0 pair of gloves (worn)
 e - a +0 ring mail (worn)
 i - a +0 pair of boots (melded)
Jewellery
 j - a ring of fire
 l - an amulet of the acrobat
 v - a ring of protection from fire (left hand)
 y - an amulet of magic regeneration (around neck)
 z - a +6 ring of dexterity (right hand)
Wands
 u - a wand of quicksilver (4)
Scrolls
 b - 2 scrolls of enchant weapon {unknown}
 c - a scroll of torment {unknown}
 d - 2 scrolls of blinking {unknown}
 f - 2 scrolls of magic mapping {unknown}
 g - 2 scrolls of vulnerability {unknown}
 h - a scroll of teleportation {unknown}
 k - 6 scrolls of identify {unknown}
 r - 2 scrolls of fog {unknown}
 s - a scroll of brand weapon {unknown}
 w - 5 scrolls of noise {unknown}
 x - a scroll of fear {unknown}
Potions
 m - a potion of curing
 n - a potion of flight
 p - 2 potions of degeneration


   Skills:
 * Level 4.1 Fighting
 - Level 3.0 Armour
 * Level 4.4 Dodging
 + Level 6.0 Unarmed Combat
 + Level 3.9 Spellcasting
 * Level 5.2 Transmutations
 * Level 2.8 Ice Magic


You had 7 spell levels left.
You knew the following spells:

 Your Spells              Type           Power      Damage    Failure   Level
a - Beastly Appendage     Tmut           32%        N/A       4%          1
b - Wereblood             Tmut           16%        N/A       8%          2
c - Ice Form              Ice/Tmut       13%        N/A       61%         4

Your spell library contained the following spells:

 Spells                   Type           Power      Damage    Failure   Level
 Ensorcelled Hibernation  Hex/Ice        12%        N/A       34%         2
 Necrotise                Necr           8%         1d4       38%         1
 Spider Form              Tmut/Pois      9%         N/A       38%         3
 Vampiric Draining        Necr           2%         2d6       77%         3
 Anguish                  Hex/Necr       1%         N/A       99%         4
 Agony                    Necr           2%         N/A       100%        5


Dungeon Overview and Level Annotations

Branches:
Dungeon (6/15)             Temple (0/1) D:4           Sewer (visited)


Innate Abilities, Weirdness & Mutations

You have temporarily grown beastly horns and talons.
You have an increased reservoir of magic. (+10% MP)
You shall have no god before yourself.
Your divine heritage dramatically boosts your attributes as you level up.


Message History

The orc is moderately wounded.
The orc warrior completely misses you. The orc misses you.
You hit the orc but do no damage. Your kick misses the orc.
The orc is moderately wounded.
The orc warrior hits you with a +2 mace of protection!
* * * LOW HITPOINT WARNING * * *
You feel much better.
The orc warrior hits you with a +2 mace of protection!!
* * * LOW HITPOINT WARNING * * *
The orc hits you with a +0 hand axe.
* * * LOW HITPOINT WARNING * * *
You feel much better. The orc closely misses you.
The orc warrior hits you with a +2 mace of protection!
The orc misses you. The orc attacks as you move away!
The orc hits you with a +0 mace.
* * * LOW HITPOINT WARNING * * *
The orc attacks as you move away! The orc barely misses you.
The orc attacks as you move away! The orc closely misses you.
You howl as the wereblood boils in your veins!
You hit the orc but do no damage. You claw the orc, but do no damage.
You headbutt the orc.
You feel a bit better.
You kill the orc!
It was a potion of curing.
You feel better.
It was a potion of degeneration.
There was something very wrong with that liquid.
You feel weakened.
You feel dopey.
You feel clumsy.
The orc warrior hits you with a +2 mace of protection!!
* * * LOW HITPOINT WARNING * * *
The orc hits you with a +0 mace.
* * * LOW HITPOINT WARNING * * *
It was a potion of flight.
You feel very buoyant.
You fly up into the air.
Your transformation is almost over.
It was a potion of invisibility.
You fade into invisibility!
The orc closely misses you. The orc warrior misses you.
The orc warrior hits you with a +2 mace of protection!
You die...

.# # ..##.....#.#
.. ...##...######
.. ........## .
#####....##
#.#.#.## .
##...#..### .#
#...........### ##
##....#........## #
#..####..o.o@...#
#....#....#o....#
##.....)#.##.#...#
##.......######...#
.#...#.....## #####
.... #......#
....##....###
#...#oo...###
#..........#


You could see an orc warrior (unable to see you) and 2 orcs.

Vanquished Creatures
  Sigmund (D:3)
  An acid dragon (D:5)
  A water moccasin (D:6)
  2 black bears
  2 ogres
  A phantom (D:4)
  4 kobold brigands
  2 gnoll sergeants
  2 necrophages
  A scorpion (D:5)
  5 orc priests
  2 jellies (D:6)
  4 hounds
  An iguana (D:5)
  Ijyb (D:3)
  5 orc wizards
  7 gnolls
  10 adders
  4 river rats (Sewer)
  A shadow imp (D:6)
  8 worms
  A dart slug (D:1)
  28 orcs
  6 bats
  8 endoplasms
  5 giant cockroaches
  8 goblins
  6 hobgoblins
  3 jackals (D:5)
  3 quokkas
  10 ball pythons
  4 frilled lizards
  9 kobolds
  13 rats
169 creatures vanquished.

Vanquished Creatures (others)
  A fungus (D:5)
  5 toadstools (D:5)
6 creatures vanquished.

Grand Total: 175 creatures vanquished

Notes
Turn   | Place    | Note
-------+----------+-------------------------------------------
     0 | D:1      | Timinator the Demigod Transmuter began the quest for the
                  | Orb.
     0 | D:1      | Reached XP level 1. HP: 15/15 MP: 5/5
   111 | D:1      | Reached skill level 1 in Fighting
   287 | D:1      | Reached XP level 2. HP: 21/23 MP: 7/7
   425 | D:1      | You fall into a shaft and drop 1 floor!
   662 | D:1      | Reached skill level 3 in Unarmed Combat
  1248 | D:2      | Reached XP level 3. HP: 28/28 MP: 6/8
  1628 | D:3      | Reached skill level 1 in Armour
  1671 | D:3      | Found a glowing drain.
  1675 | Sewer    | Entered a sewer
  2003 | Sewer    | Reached XP level 4. HP: 34/35 MP: 9/9
  2116 | Sewer    | Noticed a kobold brigand
  2139 | Sewer    | Killed a kobold brigand
  2140 | Sewer    | Reached XP level 5. HP: 6/41 MP: 11/11
  2835 | Sewer    | Reached XP level 6. HP: 30/49 MP: 12/12
  3256 | D:3      | Learned a level 2 spell: Wereblood
  3261 | D:3      | Learned a level 4 spell: Ice Form
  3318 | D:3      | Noticed Ijyb
  3334 | D:3      | Killed Ijyb
  3335 | D:3      | Reached skill level 4 in Unarmed Combat
  3485 | D:3      | Noticed Sigmund
  3499 | D:3      | Killed Sigmund
  3748 | D:3      | Reached XP level 7. HP: 55/56 MP: 11/14
  4849 | D:4      | Reached skill level 1 in Ice Magic
  5211 | D:4      | Found a staircase to the Ecumenical Temple.
  5708 | D:5      | Entered Level 5 of the Dungeon
  5904 | D:4      | HP: 1/57 [gnoll/+0 club[a gnoll sergeant] (5)]
  6111 | D:5      | Reached skill level 5 in Unarmed Combat
  6121 | D:5      | Reached XP level 8. HP: 39/63 MP: 14/16
  7609 | D:6      | Reached skill level 5 in Transmutations
  8137 | D:6      | Reached skill level 6 in Unarmed Combat
  8149 | D:6      | HP: 3/66 [orc/+0 mace (6)]
  8153 | D:6      | Slain by an orc warrior

Illustrated notes

Levels and vault maps discovered:
D:1:      scummos_arrival_simple_crosswalls, layout_basic,
          ebering_ecumenical_altar_abandoned, serial_park_tiny_2,
          minmay_liquid_box, minmay_pentomino_r2
D:2:      layout_loops_ring, hangedman_decor_growths
D:3:      layout_loops_corners, nicolae_overflow_hidden_temple,
          portal_sewer_entry_e, uniq_ijyb, uniq_sigmund
D:4:      layout_basic, minmay_temple_entry_trees
D:5:      layout_rooms, nicolae_gozag_cash_rules_everything_around_me,
          mainiacjoe_overflow_alcove_1, chequers_serial_rivers_large_b,
          minmay_gold_behind_fungi, nicolae_titane
D:6:      layout_cave_pools, kennysheep_generic_room_16

Skill      XL: |  1  2  3  4  5  6  7  8 |
---------------+-------------------------+-----
Fighting       | 1 2 3 4 |  4.1
Unarmed Combat | 3 4 5 6 |  6.0
Transmutations | 2 3 4 5 |  5.2
Dodging        | 2 3 4 |  4.4
Armour         | 1 2 3 |  3.0
Spellcasting   | 2 3 |  3.9
Ice Magic      | 1 2 |  2.8

Action                   |  1- 3 |  4- 6 |  7- 9 || total
-------------------------+-------+-------+-------++-------
Melee: Unarmed           |   143 |   155 |   313 ||   611
       Kick              |    14 |    45 |    85 ||   144
       Headbutt          |     8 |    29 |    39 ||    76
       Punch             |     5 |     8 |     9 ||    22
 Cast: Beastly Appendage |    20 |    24 |    39 ||    83
       Wereblood         |       |     2 |    16 ||    18
  Use: Potion            |       |     1 |    10 ||    11
 Stab: Sleeping          |     1 |       |     1 ||     2
Armor: Leather armour    |    43 |    12 |       ||    55
       Robe              |     2 |       |       ||     2
       Ring mail         |     1 |     8 |    69 ||    78
       Skin              |       |     2 |    28 ||    30
Dodge: Dodged            |    79 |    83 |   169 ||   331
